AoeStats
← MattAtArms

Arabia

504029383Analyzed
1v1 RM · 1mo ago on Sep 3, 2026· 41m 56s· 2 players
Game mode
Random Map
Map size
Tiny (2 player)
Population
200
Speed
Normal
Resources
Standard
Victory
Conquest
Starting age
Dark Age
Ending age
Imperial Age
RankedLock teamsTeams togetherTeam positionsShared explorationLock speedFull tech treeHidden civsTurbo modeCheats
Victory
Defeat
🇬🇧 Italians · United Kingdom
1873
+15
🇦🇷 Gurjaras · Argentina
1856
-15
AstroPlayer24
5:52 Loom
8:33 Feudal Age
9:06 Double-Bit Axe
9:24 Horse Collar
19:57 Castle Age
18:45 Scale Barding Armor
19:23 Bloodlines
19:31 Gold Mining
19:58 Light Cavalry
22:05 Husbandry
25:51 Chain Barding Armor
28:17 Bow Saw
29:50 Wheelbarrow
35:56 Town Watch
41:21 Hand Cart
MattAtArms
5:40 Loom
9:03 Feudal Age
9:40 Man-at-Arms
10:06 Double-Bit Axe
17:41 Fletching
19:56 Castle Age
18:44 Padded Archer Armor
19:04 Gold Mining
19:08 Fletching
19:21 Horse Collar
20:01 Crossbowman
20:38 Bodkin Arrow
20:43 Crossbowman
22:38 Bow Saw
24:24 Wheelbarrow
25:43 Town Watch
27:44 Ballistics
30:50 Thumb Ring
38:03 Imperial Age
36:04 Hand Cart
35:35 Town Watch
36:14 Leather Archer Armor
37:44 Heavy Plow
38:35 Arbalester
39:18 Bracer
40:33 Chemistry
42:14 Town Patrol
Connection lost

Rejoining the realm…

Still unreachable

The connection could not be restored.

Session expired

The server has moved on; the page needs a fresh start.